 Dungeon Crawl Stone Soup version 0.20-a0-641-g673355a (webtiles) character file.

84 shpingle the Cudgeler (level 4, -1/35 HPs)
             Began as a Demonspawn Chaos Knight on Feb 13, 2017.
             Slain by Sigmund
             ... wielding a +4 scythe of venom
              (11 damage)
             ... on level 2 of the Dungeon.
             The game lasted 00:08:27 (2401 turns).

shpingle the Cudgeler (Demonspawn Chaos Knight)     Turns: 2401, Time: 00:08:27

Health: -1/35      AC:  6    Str: 14    XL:     4   Next: 23%
Magic:  4/4        EV: 11    Int: 13    God:    Xom [*.....]
Gold:   114        SH:  0    Dex: 12    Spells: 3/3 levels left

rFire    . . .     SeeInvis .   a - +0 mace (chaos)
rCold    . . .     Gourm    .   b - +2 leather armour
rNeg     . . .     Faith    .   (no shield)
rPois    .         Spirit   .   p - +0 helmet
rElec    .         Reflect  .   (no cloak)
rCorr    .         Harm     .   (no gloves)
MR       .....                  (no boots)
Stlth    +.........             (no amulet)
Regen    0.2/turn               (no ring)
MPRegen  0.1/turn               (no ring)

@: very slightly contaminated, hasted, very quick
A: talons 2, blink, blurry vision 1, powered by pain 1
a: Blink, Renounce Religion


You were on level 2 of the Dungeon.
You worshipped Xom.
You were a special plaything of Xom.
You were not hungry.

You visited 1 branch of the dungeon, and saw 2 of its levels.

You collected 114 gold pieces.

Inventory:

Hand Weapons
 a - a +0 mace of chaos (weapon)
 d - a cursed +0 spear
 q - a +0 hunting sling
Missiles
 e - 71 stones (quivered)
 h - 17 arrows
Armour
 b - a +2 leather armour (worn)
 p - a +0 helmet (worn)
Scrolls
 f - 3 scrolls of identify {unknown}
 l - a scroll of teleportation {unknown}
 o - a scroll of amnesia {unknown}
 s - a scroll of blinking {unknown}
Potions
 t - a potion of brilliance {unknown}
Comestibles
 c - 2 bread rations
 m - a meat ration
 r - 2 chunks of flesh
 u - 4 fruits {god gift}


   Skills:
 - Level 3.0 Fighting
 + Level 4.6 Maces & Flails
 - Level 1.7 Armour
 - Level 0.8 Dodging


You had 3 spell levels left.
You didn't know any spells.

Dungeon Overview and Level Annotations

Branches:
Dungeon (2/15)

Altars:

Annotations:
D:2 Sigmund


Innate Abilities, Weirdness & Mutations

You have razor-sharp toenails.
You sometimes gain a little power by taking damage.
You can translocate small distances at will.
Scrolls take you a little longer to read.


Message History

Sigmund hits you with a scythe of venom!
* * * LOW HITPOINT WARNING * * *
You hit Sigmund but do no damage.
You smell smoke.
You claw Sigmund, but do no damage.
Sigmund is lightly wounded.
You closely miss Sigmund. You claw Sigmund.
Sigmund is lightly wounded.
Sigmund misses you.
You barely miss Sigmund. Your kick misses Sigmund.
Sigmund is lightly wounded.
You hit Sigmund. You freeze Sigmund. Your kick misses Sigmund.
Sigmund is moderately wounded.
Sigmund closely misses you.
You sock Sigmund! You freeze Sigmund. Your kick misses Sigmund.
Sigmund is severely wounded.
You hit Sigmund but do no damage. You claw Sigmund, but do no damage.
Sigmund is severely wounded.
Sigmund hits you with a scythe of venom!
You die...
Xom snickers!

.@.. █.██
█.█████..█......
.>.............. ██
█........ ... .
█....█.███████.████
█...............█..
█..(...(........█.█
█.@...(█.███.......
.█████.@................
..........█.█.███.......
███████.....█..........█
█..██.██████.██.██
█..........<......
████████.████████..██..█
█...........█.....÷.....
█.██████.██.█.█..█████..
█.████████.█
█.██.█.█........↑


You could see Sigmund.

Vanquished Creatures
  Terence (D:2)
  Robin (D:2)
  An adder (D:2)
  3 leopard geckos
  3 bats
  A giant cockroach (D:1)
  A giant cockroach (shapeshifter) (D:1)
  13 goblins
  3 hobgoblins
  A ball python (D:1)
  A kobold (D:1)
  5 rats
34 creatures vanquished.

Notes
Turn   | Place    | Note
-------+----------+-------------------------------------------
     0 | D:1      | shpingle the Demonspawn Chaos Knight began the quest for the Orb.
     0 | D:1      | Reached XP level 1. HP: 18/18 MP: 1/1
    45 | D:1      | XOM: butterfly on damage
    80 | D:1      | XOM: butterfly on damage
    82 | D:1      | Reached skill level 3 in Maces & Flails
   179 | D:1      | XOM: harmless Erth miscast
   376 | D:1      | XOM: harmless Ice miscast
   400 | D:1      | Gained mutation: You have sharp toenails. [demonic ancestry]
   400 | D:1      | Reached XP level 2. HP: 23/24 MP: 2/2
   579 | D:1      | XOM: mild Necr miscast
   943 | D:1      | Gained mutation: Scrolls take you a little longer to read. [mutagenic meat]
   944 | D:1      | Gained mutation: You can translocate small distances at will. [mutagenic meat]
  1241 | D:2      | XOM: summons 4 hostile shadow creatures
  1310 | D:2      | XOM: enchant monster (bad)
  1311 | D:2      | XOM: noise
  1312 | D:2      | Noticed Robin
  1389 | D:2      | Gained mutation: You sometimes gain a little power by taking damage. [demonic ancestry]
  1389 | D:2      | Reached XP level 3. HP: 23/29 MP: 3/3
  1468 | D:2      | Noticed Terence
  1479 | D:2      | HP: 1/29 [Terence/trident of flaming (2)]
  1480 | D:2      | Xom revived you
  1482 | D:2      | Killed Terence
  1482 | D:2      | Reached skill level 4 in Maces & Flails
  2055 | D:2      | XOM: confusion (+ monsters)
  2058 | D:2      | Killed Robin
  2058 | D:2      | Gained mutation: You have razor-sharp toenails. [demonic ancestry]
  2058 | D:2      | Reached XP level 4. HP: 12/35 MP: 4/4
  2170 | D:2      | XOM: 2-stop teleportation journey
  2387 | D:2      | Noticed Sigmund
  2390 | D:2      | XOM: god gift: 4 fruits {god gift}
  2401 | D:2      | Slain by Sigmund

Vault maps used:
D:1:      ncdulo_lavacross
D:2:      amethyst_overflow_temple_binary, first_bread, lemuel_flame_loot_1,
          uniq_terence, uniq_robin, uniq_sigmund

Skill      XL: |  1  2  3 |
---------------+----------+-----
Maces & Flails | 3 4 |  4.6
Fighting       | |  3.0
Armour         | |  1.7
Dodging        | |  0.8

Action                   |  1- 3 |  4- 6 || total
-------------------------+-------+-------++-------
Melee: Mace              |    98 |    19 ||   117
       Kick              |    19 |     5 ||    24
Throw: Stone             |    15 |    16 ||    31
  Use: Potion            |     6 |     1 ||     7
 Stab: Invisible         |     1 |       ||     1
  Eat: Chunk             |     5 |     2 ||     7
Armor: Leather armour    |    42 |     4 ||    46
Dodge: Dodged            |    58 |    13 ||    71
